 Dungeon Crawl Stone Soup version 0.31-a0-981-geadf994542 (console) character file.

Game seed: 15916064275225901060

64927 Flugkiller the Reanimator (level 14, -4/126 HPs)
             Began as a Yellow Draconian Necromancer on Nov 1, 2023.
             Was the Champion of Cheibriados.
             Slain by a flayed ghost (9 damage)
             ... while petrified by a catoblepas
             ... on level 15 of the Dungeon.
             The game lasted 01:08:27 (19224 turns).

Flugkiller the Reanimator (DrNe)                   Turns: 19224, Time: 01:08:28

Health: -4/126     AC: 17    Str: 26    XL:     14   Next: 73%
Magic:  18/20      EV:  2    Int: 32    God:    Cheibriados [******]
Gold:   1391       SH:  0    Dex: 36    Spells: 3/21 levels left

rFire   + . .        s - +6 demon whip (venom)
rCold   . . .        (no shield)
rNeg    + + +        (body armour unavailable)
rPois   ∞            V - +1 hat "Sinlorch" {+Inv rF+}
rElec   +            c - +1 cloak "Buemnose" {*Corrode rPois Str+4 Dex+3}
rCorr   +            j - +2 pair of gloves
SInv    .            g - +2 pair of boots {Stlth+}
Will    +....        (no amulet)
Stlth   ++++         v - +5 ring of evasion
HPRegen 0.41/turn    O - ring of Upemag {rElec rCorr EV+5 Str-3 Dex+2}
MPRegen 0.17/turn

%: corrode self (3%)
@: death channelling, petrified, flayed, studying Translocations, very slow
A: spit acid, AC +8, unfitting armour, acidic bite, cold-blooded, acid
resistance
a: Breathe Acid, Renounce Religion, Evoke Invisibility, Bend Time, Temporal
Distortion, Slouch, Step From Time


You were on level 15 of the Dungeon.
You worshipped Cheibriados.
Cheibriados was exalted by your worship.
You visited 3 branches of the dungeon, and saw 20 of its levels.
You also visited: Bailey and Gauntlet.

You collected 1566 gold pieces.
You spent 175 gold pieces at shops.

Inventory:

Hand Weapons
 s - a +6 demon whip of venom (weapon)
   (You took it off Amaemon on level 11 of the Dungeon)
 N - the +10 whip "Dofub" {flame, rF+}
   (You found it on level 7 of the Dungeon)

   rF+:       It protects you from fire.
Missiles
 e - 13 curare-tipped darts
 A - 4 throwing nets
Armour
 c - the +1 cloak "Buemnose" (worn) {*Corrode rPois Str+4 Dex+3}
   (You found it in a Gauntlet)

   Str+4:     It affects your strength (+4).
   Dex+3:     It affects your dexterity (+3).
   rPois:     It protects you from poison *Corrode: It may corrode you when you
   take damage.
 g - a +2 pair of boots of stealth (worn)
   (You found it on level 5 of the Dungeon)
 j - a +2 pair of gloves (worn)
   (You bought it in a shop on level 3 of the Dungeon)
 H - the +2 hat of the Bear Spirit {Spirit, Bear, *Rage Will++}
   (You found it in a bailey)

   Bear:      Going berserk makes the wearer exceptionally tough, and they are
   slowed for a shorter time afterward.
   Will++:    It greatly increases your willpower.
   *Rage:     It berserks you when you make melee attacks (+20% chance).
 V - the +1 hat "Sinlorch" (worn) {+Inv rF+}
   (You found it in a Gauntlet)

   rF+:       It protects you from fire.
   +Inv:      It lets you turn invisible.
Jewellery
 f - a ring of protection from fire
   (You found it on level 5 of the Lair of Beasts)
 i - a ring of see invisible
   (You found it on level 5 of the Lair of Beasts)
 m - a ring of willpower
   (You found it in a Gauntlet)
 p - a ring of protection from fire
   (You found it on level 3 of the Lair of Beasts)
 v - a +5 ring of evasion (left hand)
   (You found it on level 7 of the Dungeon)
 E - a +6 ring of intelligence
   (You found it on level 7 of the Dungeon)
 O - the ring of Upemag (right hand) {rElec rCorr EV+5 Str-3 Dex+2}
   (You found it on level 5 of the Lair of Beasts)

   [ring of evasion]

   EV+5:      It affects your evasion (+5).
   Str-3:     It affects your strength (-3).
   Dex+2:     It affects your dexterity (+2).
   rElec:     It insulates you from electricity.
   rCorr:     It protects you from acid and corrosion.
 P - a ring of flight
   (You found it on level 6 of the Dungeon)
Talismans
 S - a maw talisman
   (You found it on level 10 of the Dungeon)
Wands
 z - a wand of paralysis (3)
   (You found it on level 1 of the Lair of Beasts)
 B - a wand of iceblast (14)
   (You found it on level 6 of the Dungeon)
 C - a wand of mindburst (20)
   (You found it on level 2 of the Lair of Beasts)
 J - a wand of flame (52)
   (You found it on level 8 of the Dungeon)
 K - a wand of acid (6)
   (You took it off an orc warrior on level 9 of the Dungeon)
 M - a wand of polymorph (15)
   (You found it on level 8 of the Dungeon)
Scrolls
 b - 3 scrolls of poison
 k - 2 scrolls of revelation
 l - a scroll of brand weapon
 o - a scroll of summoning
 r - 4 scrolls of identify
 t - 10 scrolls of teleportation
 x - 2 scrolls of vulnerability
 I - a scroll of enchant armour
 L - 2 scrolls of immolation
 Q - a scroll of fear
Potions
 a - 3 potions of magic
 d - a potion of might
 n - 2 potions of resistance
 q - 7 potions of curing
 u - a potion of lignification
 w - 5 potions of heal wounds
 y - a potion of brilliance
 D - 4 potions of mutation
 F - 6 potions of enlightenment
 G - 2 potions of berserk rage
 T - 2 potions of ambrosia
 U - 3 potions of attraction
 W - 2 potions of cancellation
Miscellaneous
 h - a sack of spiders
   (You found it on level 10 of the Dungeon)


   Skills:
 - Level 12.0 Fighting
 - Level 4.0 Short Blades
 - Level 12.0 Maces & Flails
 + Level 11.8 Dodging
 - Level 2.0 Stealth
 - Level 4.0 Spellcasting
 - Level 12.0 Necromancy
 - Level 8.0 Invocations
 - Level 6.0 Evocations
 + Level 6.3 Shapeshifting


You had 3 spell levels left.
You knew the following spells:

 Your Spells              Type           Power      Damage    Failure   Level
a - Necrotise             Necr           100%       1d9       1%          1
b - Vampiric Draining     Necr           70%        2d11      1%          3
c - Dispel Undead         Necr           70%        3d24      1%          4
d - Death Channel         Necr           35%        N/A       6%          6
e - Animate Dead          Necr           70%        N/A       1%          4

Your spell library contained the following spells:

 Spells                   Type           Power      Damage    Failure   Level
 Cigotuvi's Dreadful Rot  Necr/Pois/Air  64%        N/A       1%          2
 Shock                    Conj/Air       24%        1d4       5%          1
 Slow                     Hex            24%        N/A       5%          1
 Ensorcelled Hibernation  Hex/Ice        12%        N/A       9%          2
 Jinxbite                 Hex            12%        N/A       9%          2
 Poisonous Vapours        Pois/Air       12%        N/A       9%          2
 Scorch                   Fire           12%        2d5       9%          2
 Confusing Touch          Hex            6%         N/A       17%         3
 Dazzling Flash           Conj/Hex       12%        N/A       17%         3
 Frozen Ramparts          Ice            12%        1d2       17%         3
 Mephitic Cloud           Conj/Pois/Air  6%         N/A       17%         3
 Ozocubu's Armour         Ice            6%         N/A       17%         3
 Sigil of Binding         Hex            6%         N/A       17%         3
 Swiftness                Air            6%         N/A       17%         3
 Agony                    Necr           70%        N/A       1%          5
 Anguish                  Hex/Necr       22%        N/A       4%          4
 Airstrike                Air            3%         2d(1-17)  50%         4
 Flame Wave               Conj/Fire      6%         2d5       50%         4
 Petrify                  Tmut/Erth      6%         N/A       50%         4
 Vhi's Electric Charge    Tloc/Air       12%        N/A       50%         4
 Arcjolt                  Conj/Air       3%         1d13      83%         5
 Freezing Cloud           Conj/Ice/Air   3%         6-21      83%         5
 Metabolic Englaciation   Hex/Ice        3%         N/A       83%         5
 Silence                  Hex/Air        3%         N/A       83%         5
 Plasma Beam              Fire/Air       3%         2x1d13    100%        6
 Summon Cactus Giant      Summ           3%         N/A       100%        6
 Ozocubu's Refrigeration  Ice            3%         4d8       100%        7


Dungeon Overview and Level Annotations

Branches:
Dungeon (13/15) Zot: 40354  Temple (1/1) D:7 Zot: 8936    Lair (5/5) D:9 Zot: 36499
  Swamp (0/4) Lair:3        Snake (0/4) Lair:3        Slime (0/5) Lair:5
    Orc (0/2) D:12         Bailey (visited)         Gauntlet (visited)
 Vaults: D:13-14

Altars:
Ashenzari
Cheibriados
Dithmenos
Elyvilon
Fedhas
Gozag
Hepliaklqana
Kikubaaqudgha
Makhleb
Nemelex Xobeh
Okawaru
Qazlal
Ru
Sif Muna
Trog
Uskayaw
Vehumet
Wu Jian
Xom
Yredelemnul
Zin
The Shining One
Jiyva
Lugonu

Shops:
D:3 [

Portals:
Abyss: Lair:5

Annotations:
Lair:5 1 runed translucent door, Afintianyq's ghost, journeyman TrSh


Innate Abilities, Weirdness & Mutations

You can spit globs of acid.
Your golden yellow scales are hard. (AC +8)
You cannot fit into any form of body armour.
You have acidic saliva.
You are cold-blooded and may be slowed by cold attacks.
You are resistant to acid. (rCorr)


Message History

Your spectral necromancer hits the flayed ghost.
Your deep elf pyromancer zombie is engulfed in calcifying dust.
Your deep elf pyromancer zombie is moving more slowly.
Unknown command.
Your deep elf pyromancer zombie hits the cyclops but does no damage.
Something gores your spectral deep elf pyromancer.
The cyclops hits your deep elf pyromancer zombie!!
Your deep elf pyromancer zombie hits the cyclops.
The cyclops hits your deep elf pyromancer zombie!!
A skeletal warrior comes into view. It is wielding a +0 trident.
Unknown command.
Your deep elf pyromancer zombie stops moving altogether!
Your spectral deep elf pyromancer hits the catoblepas.
The flayed ghost cries, "Suffer as I suffered!"
Terrible wounds spread across more of your body!
Your spectral necromancer barely misses the flayed ghost.
The cyclops hits your deep elf pyromancer zombie!!
The catoblepas breathes a plume of calcifying dust at you.
The blast of calcifying dust hits you but does no damage.
The flayed ghost hits your spectral deep elf pyromancer!!
Your spectral basilisk misses the flayed ghost.
Your spectral necromancer hits the flayed ghost.
Unknown command.
Unknown command.
Your spectral deep elf pyromancer hits the flayed ghost.
The flayed ghost hits your spectral deep elf pyromancer!
Your spectral deep elf pyromancer is destroyed!
The cyclops hits you but does no damage.
Your spectral necromancer barely misses the flayed ghost.
Your spectral basilisk bites the flayed ghost!
The skeletal warrior hits your spectral basilisk with a +0 trident.
The catoblepas breathes a plume of calcifying dust at you.
The blast of calcifying dust hits your deep elf pyromancer zombie!
The blast of calcifying dust hits you but does no damage.
The cyclops barely misses you.
Your spectral necromancer hits the flayed ghost.
Your spectral basilisk bites the flayed ghost.
Unknown command.
You whack the cyclops!
The cyclops looks as sick as possible!
The cyclops is moderately wounded.
You are engulfed in calcifying dust.
You are slowing down.
The skeletal warrior hits your spectral basilisk with a +0 trident!
Your deep elf pyromancer zombie is engulfed in calcifying dust.
The catoblepas gores your deep elf pyromancer zombie!!
Your deep elf pyromancer zombie is destroyed!
Unknown command.
Unknown command.
The catoblepas breathes a plume of calcifying dust at you.
The blast of calcifying dust hits you.
Your spectral basilisk bites the flayed ghost.
The skeletal warrior hits your spectral basilisk with a +0 trident!!
Your spectral basilisk is destroyed!
The flayed ghost hits your spectral necromancer!
The cyclops is engulfed in calcifying dust.
The cyclops is moving more slowly.
The cyclops completely misses you.
Your spectral necromancer hits the flayed ghost.
The catoblepas completely misses you.
The flayed ghost closely misses your spectral necromancer.
You have turned to stone.
You are engulfed in calcifying dust.
Your spectral necromancer hits the flayed ghost.
The cyclops hits you! The catoblepas gores you.
The flayed ghost hits your spectral necromancer!
You are engulfed in calcifying dust.
The catoblepas's soul is no longer bound.
Your spectral necromancer hits the flayed ghost.
The cyclops hits you!!
The skeletal warrior hits you from afar with a +0 trident.
The catoblepas gores you.
The flayed ghost hits your spectral necromancer!!
Your spectral necromancer is destroyed!
The cyclops stops moving altogether!
The skeletal warrior hits you but does no damage.
The cyclops hits you.
The catoblepas gores you but does no damage.
The skeletal warrior hits you but does no damage.
The flayed ghost barely misses you.
The catoblepas roars fiercely, eyes lowered.
The catoblepas gores you!! The cyclops hits you!
* * * LOW HITPOINT WARNING * * *
The skeletal warrior hits you but does no damage.
The catoblepas gores you!!
* * * LOW HITPOINT WARNING * * *
The flayed ghost hits you!
* * * LOW HITPOINT WARNING * * *
The cyclops hits you!
* * * LOW HITPOINT WARNING * * *
The skeletal warrior hits you from afar with a +0 trident.
* * * LOW HITPOINT WARNING * * *
The flayed ghost hits you!
* * * LOW HITPOINT WARNING * * *
The catoblepas breathes a plume of calcifying dust at you.
The blast of calcifying dust hits you but does no damage.
You are engulfed in calcifying dust.
The skeletal warrior hits you from afar with a +0 trident.
* * * LOW HITPOINT WARNING * * *
The flayed ghost hits you!!
You die...

## ### #.##
#..### #...#
#....#####..#
#........#
###...zCC#
###.....Y@#
####.......W.#
#......)#....#
.......###)..#
.....=# ##..#
.##... ##.##
##...## #..#
#....# #..#
... ##...##
##.## ....#
#....## #..#
.....#
#.....###..#


You could see a catoblepas, a skeletal warrior, a flayed ghost and 2 cyclopes.

Vanquished Creatures
  A minotaur (Gauntlet)
  2 catoblepae
  3 boulder beetles
  3 two-headed ogres
  8 death yaks
  A large abomination (Lair:5)
  2 thrashing horrors (Lair:5)
  Amaemon (D:11)
  A deep elf pyromancer (D:15)
  A necromancer (D:15)
  2 orc knights (Bailey)
  4 lindwurms (Lair:2)
  An oklob plant (Lair:5)
  A cyclops (D:13)
  2 manticores (D:11)
  2 ugly things (Lair:5)
  Maurice (D:9)
  5 elephants
  3 black mambas (Lair:5)
  An apocalypse crab (Gauntlet)
  2 cane toads
  A smoke demon (Lair:5)
  An orange demon (D:11)
  7 komodo dragons
  A kobold demonologist (D:10)
  A hellion (Gauntlet)
  A rime drake (Lair:5)
  2 tengu conjurers (D:9)
  4 trolls
  3 raiju (Lair:5)
  24 blink frogs
  A hornet (D:8)
  A tarantella (shapeshifter) (Lair:5)
  2 slime creatures (D:12)
  6 flying skulls (Gauntlet)
  A jumping spider (D:11)
  A shadow (D:11)
  2 wraiths
  2 ynoxinuls (Lair:5)
  29 yaks
  2 wyverns
  Eustachio (D:4)
  5 basilisks
  2 steam dragons
  2 nagas (Lair:3)
  2 wargs (D:9)
  2 acid dragons (D:11)
  14 water moccasins
  A hell hound (Gauntlet)
  7 orc warriors
  An ice beast (D:6)
  6 small abominations (Lair:5)
  A black bear (D:8)
  4 ogres
  4 centaurs
  8 wolves
  2 kobold brigands
  5 bullfrogs
  3 gnoll sergeants
  5 scorpions
  9 wights
  17 killer bees
  3 howler monkeys (D:11)
  An electric eel (Lair:5)
  3 jellies
  A quasit (D:6)
  7 hounds
  4 sleepcaps
  3 orc priests
  2 gnoll boudas
  2 iguanas
  5 orc wizards
  25 gnolls
  4 adders
  A shadow imp (D:6)
  A dart slug (D:1)
  29 orcs
  9 ball pythons
  6 bats
  5 endoplasms
  2 giant cockroaches
  24 goblins
  16 hobgoblins
  3 quokkas
  6 frilled lizards
  27 kobolds
  6 rats
435 creatures vanquished.

Vanquished Creatures (collateral kills)
  A hydra (Lair:2)
  3 death yaks
  2 skysharks
  A will-o-the-wisp (Lair:3)
  14 elephants
  3 cane toads
  A rime drake (Lair:2)
  A torpor snail (Lair:5)
  2 komodo dragons (Lair:2)
  A polar bear (Lair:4)
  13 blink frogs
  A large abomination (Lair:5)
  4 wyverns
  2 chaos spawn (Lair:5)
  A basilisk (Lair:4)
  12 yaks
  A basilisk (shapeshifter) (Lair:5)
  A naga (Lair:3)
  5 water moccasins
  A black bear (Lair:2)
  5 wolves
  5 bullfrogs
  A small abomination (Lair:5)
  An adder (D:4)
  2 orcs (D:4)
  A bat (D:3)
  3 goblins
  2 kobolds
  A frilled lizard (D:1)
  A rat (D:2)
92 creatures vanquished.

Vanquished Creatures (others)
  A black mamba zombie (Lair:5)
  A skyshark zombie (Lair:5)
  A cane toad zombie (Lair:5)
  13 blink frog zombies
  6 elephant zombies
  An elf zombie (D:15)
  A rime drake zombie (Lair:2)
  2 komodo dragon zombies
  A wyvern zombie (Lair:5)
  3 water moccasin zombies
  6 yak zombies
  A bullfrog zombie (Lair:4)
  6 foxfires (Lair:3)
43 creatures vanquished.

Grand Total: 570 creatures vanquished

Notes
Turn   | Place    | Note
-------+----------+-------------------------------------------
     0 | D:1      | Flugkiller the Draconian Necromancer began the quest for
                  | the Orb.
     0 | D:1      | Reached XP level 1. HP: 14/14 MP: 3/3
   116 | D:1      | Reached skill level 1 in Fighting
   227 | D:1      | Reached XP level 2. HP: 23/23 MP: 1/5
   469 | D:1      | Reached XP level 3. HP: 28/28 MP: 0/6
   573 | D:1      | Learned a level 3 spell: Vampiric Draining
   598 | D:1      | Found a faded altar of an unknown god.
   810 | D:1      | Reached skill level 5 in Necromancy
  1388 | D:2      | Reached XP level 4. HP: 36/36 MP: 2/7
  2502 | D:3      | Identified the +0 chain mail "Teumuqot" {*Corrode rElec
                  | Dex+3 Slay+2}
  2635 | D:3      | Found Qamurphus's Armour Boutique.
  3105 | D:3      | Bought a +0 pair of boots for 49 gold pieces
  3105 | D:3      | Bought a +1 pair of gloves for 126 gold pieces
  3499 | D:4      | Reached XP level 5. HP: 41/41 MP: 4/8
  3970 | D:4      | Reached XP level 6. HP: 43/48 MP: 0/9
  4382 | D:4      | Noticed Eustachio
  4400 | D:4      | Killed Eustachio
  4401 | D:4      | Reached skill level 1 in Short Blades
  4857 | D:5      | Entered Level 5 of the Dungeon
  4956 | D:5      | Your scales start taking on a golden yellow colour.
  4956 | D:5      | Reached XP level 7. HP: 57/57 MP: 5/10
  4956 | D:5      | Gained mutation: You are resistant to acid. (rCorr) [Yellow
                  | Draconian growth]
  5520 | D:5      | Reached XP level 8. HP: 67/67 MP: 6/11
  5737 | D:5      | Identified the +0 ring mail of the Sacrificial Victim {Fly
                  | rC- rN++ Slay+5}
  5857 | D:5      | Reached skill level 5 in Fighting
  6180 | D:6      | Reached skill level 5 in Dodging
  7019 | D:6      | Reached skill level 1 in Evocations
  7069 | D:7      | Found a flagged portal.
  7100 | Bailey   | Entered a bailey
  7401 | Bailey   | Noticed an orc knight
  7402 | Bailey   | Reached XP level 9. HP: 75/75 MP: 4/13
  7458 | Bailey   | Killed an orc knight
  7499 | Bailey   | Noticed an orc knight
  7582 | Bailey   | Killed an orc knight
  7792 | Bailey   | Found the +2 hat of the Bear Spirit {Spirit, Bear, *Rage
                  | Will++}
  8027 | D:6      | Learned a level 4 spell: Dispel Undead
  8266 | D:7      | Reached skill level 10 in Necromancy
  8470 | D:7      | Found a staircase to the Ecumenical Temple.
  8491 | D:7      | Learned a level 6 spell: Death Channel
  8522 | D:7      | Identified the +10 whip "Dofub" {flame, rF+}
  8862 | Temple   | Entered the Ecumenical Temple
  8885 | Temple   | Became a worshipper of Cheibriados the Contemplative
  9172 | D:8      | Reached XP level 10. HP: 84/84 MP: 9/14
  9350 | D:8      | Reached * piety under Cheibriados
  9502 | D:9      | Noticed a two-headed ogre
  9583 | D:9      | Killed a two-headed ogre
  9946 | D:9      | Found a staircase to the Lair.
  9961 | D:9      | Reached ** piety under Cheibriados
 10006 | D:9      | Noticed Maurice
 10015 | D:9      | Something stole 164 gold
 10020 | D:9      | Killed Maurice
 10104 | D:9      | Reached skill level 1 in Invocations
 10511 | D:9      | Found a hazy altar of Hepliaklqana.
 10516 | D:9      | Found a bloodstained altar of Trog.
 10516 | D:9      | Found a burning altar of Makhleb.
 10516 | D:9      | Found a glowing silver altar of Zin.
 10525 | D:9      | Found a white marble altar of Elyvilon.
 10530 | D:9      | Found an opulent altar of Gozag.
 10565 | D:10     | Entered Level 10 of the Dungeon
 10589 | D:10     | Noticed a two-headed ogre
 10690 | D:10     | Killed a two-headed ogre
 10691 | D:10     | Reached XP level 11. HP: 91/94 MP: 9/17
 10752 | D:10     | Identified the +4 leather armour of Qifeneh {Contam Rampage
                  | rElec Dex+5}
 10901 | D:10     | Reached *** piety under Cheibriados
 11106 | D:10     | Noticed a boulder beetle
 11128 | D:10     | Killed a boulder beetle
 11129 | D:10     | Reached skill level 5 in Invocations
 11408 | D:11     | Noticed a boulder beetle
 11464 | D:11     | Found a gate leading to a gauntlet.
 11469 | Gauntlet | Entered a Gauntlet
 11469 | Gauntlet | Noticed a catoblepas
 11469 | Gauntlet | Found a transporter.
 11469 | Gauntlet | Found a transporter.
 11475 | Gauntlet | Found a transporter.
 11487 | Gauntlet | Found a transporter.
 11505 | Gauntlet | Found a transporter.
 11505 | Gauntlet | Found a transporter.
 11505 | Gauntlet | Found a transporter.
 11507 | Gauntlet | Found a transporter.
 11507 | Gauntlet | Found a transporter.
 11519 | Gauntlet | Found a transporter.
 11535 | Gauntlet | Found a transporter.
 11542 | Gauntlet | Noticed a quicksilver ooze
 11544 | Gauntlet | Found a runed translucent gate.
 11545 | Gauntlet | Found a transporter.
 11545 | Gauntlet | Found a runed translucent gate.
 11546 | Gauntlet | Found a runed translucent gate.
 11559 | Gauntlet | Found a transporter.
 11579 | Gauntlet | Found a transporter.
 11938 | Gauntlet | Identified the +1 hat "Sinlorch" {+Inv rF+}
 11994 | Gauntlet | Identified the +1 cloak "Buemnose" {*Corrode rPois Str+4
                  | Dex+3}
 12016 | Gauntlet | Noticed a minotaur
 12037 | Gauntlet | Killed a minotaur
 12057 | Gauntlet | Identified the +8 falchion of Courage {protect, Fly rC-
                  | rCorr MP+9}
 12079 | D:11     | Noticed Sonja
 12080 | D:11     | Sonja changed into Sonja the jumping spider
 12080 | D:11     | Noticed Sonja
 12087 | D:11     | Killed Sonja the jumping spider
 12273 | D:11     | Killed a boulder beetle
 12274 | D:11     | Reached skill level 5 in Evocations
 12375 | D:11     | Noticed a two-headed ogre
 12417 | D:11     | Killed a two-headed ogre
 12428 | D:10     | Found a radiant altar of Vehumet.
 12428 | D:10     | Found a shimmering altar of Xom.
 12552 | D:11     | Noticed Amaemon
 12564 | D:11     | Killed Amaemon
 12564 | D:11     | Reached **** piety under Cheibriados
 12565 | D:11     | Reached XP level 12. HP: 59/103 MP: 18/18
 12970 | D:14     | Identified the "Bojiefum"
 12970 | Lair:1   | Entered Level 1 of the Lair of Beasts
 12984 | Lair:1   | Noticed a catoblepas
 13003 | Lair:1   | Killed a catoblepas
 13106 | Lair:1   | Noticed a death yak
 13110 | Lair:1   | Noticed a death yak
 13110 | Lair:1   | Noticed a death yak
 13110 | Lair:1   | Noticed a death yak
 13110 | Lair:1   | Noticed a death yak
 13121 | Lair:1   | Killed a death yak
 13125 | Lair:1   | Killed a death yak
 13149 | Lair:1   | Killed a death yak
 13167 | Lair:1   | Killed a death yak
 13169 | Lair:1   | Killed a death yak
 13221 | Lair:1   | Noticed a boulder beetle
 13233 | Lair:1   | Killed a boulder beetle
 13685 | Lair:1   | Reached skill level 10 in Fighting
 13693 | Lair:1   | Reached skill level 5 in Maces & Flails
 13938 | Lair:2   | Learned a level 4 spell: Animate Dead
 14085 | Lair:2   | Reached skill level 10 in Dodging
 14120 | Lair:2   | Reached ***** piety under Cheibriados
 14178 | Lair:2   | Noticed a seven-headed hydra
 14182 | Lair:2   | Killed a seven-headed hydra
 14183 | Lair:2   | Reached XP level 13. HP: 96/113 MP: 6/19
 14871 | Lair:2   | Identified the +9 shortbow "Obiynarul" {flame, rF+ rC+
                  | Str-2 SInv}
 15016 | Lair:3   | Reached skill level 10 in Maces & Flails
 15310 | Lair:3   | Found a staircase to the Swamp.
 15430 | Lair:3   | Found a staircase to the Snake Pit.
 15809 | Lair:4   | Reached skill level 1 in Shapeshifting
 15817 | Lair:4   | Reached ****** piety under Cheibriados
 16521 | Lair:5   | Entered Level 5 of the Lair of Beasts
 16551 | Lair:5   | Found a runed translucent door.
 16577 | Lair:5   | Noticed Afintianyq's ghost (journeyman TrSh)
 16634 | Lair:5   | Gained mutation: You have acidic saliva. [Yellow Draconian
                  | growth]
 16634 | Lair:5   | Reached XP level 14. HP: 122/122 MP: 17/20
 16964 | Lair:5   | Identified the ring of Upemag {rElec rCorr EV+5 Str-3
                  | Dex+2}
 17090 | Lair:5   | Reached skill level 5 in Shapeshifting
 17103 | Lair:5   | Found a corrupted altar of Lugonu.
 17103 | Lair:5   | Found a one-way gate to the infinite horrors of the Abyss.
 17411 | Lair:5   | Found a viscous altar of Jiyva.
 17411 | Lair:5   | Found a staircase to the Slime Pits.
 18332 | D:12     | Identified the +1 scale mail of Modesty {Str+6 Int+3}
 18364 | D:12     | Found an ornate altar of the Wu Jian Council.
 18793 | D:12     | Found a staircase to the Orcish Mines.
 19130 | D:13     | You fall into a shaft and drop 2 floors!
 19130 | D:15     | Entered Level 15 of the Dungeon
 19224 | D:15     | HP: 5/126 [skeletal warrior/+0 trident (2)]
 19224 | D:15     | Slain by a flayed ghost

Illustrated notes

Levels and vault maps discovered:
D:1:      scummos_arrival_hexagon, layout_basic,
          hellmonk_ecumenical_altar_pennies_from_heaven
D:2:      kennysheep_the_goblin_king, layout_basic, minmay_misc_feat_doors
D:3:      layout_basic, serial_shops, nicolae_shop_waterfront
D:4:      corexii_shantytown, layout_basic, minmay_gold_behind_fungi,
          minmay_misc_feat_chi, uniq_eustachio
D:5:      layout_loops_ring, st_stairs_10, grunt_decor_resistance
D:6:      layout_basic, serial_demonic, serial_demonic_b, serial_demonic_f,
          serial_demonic_d, serial_demonic_b
D:7:      layout_loops_cross, minmay_temple_entry_wispy, enter_bailey_5
D:8:      layout_cave_pools
D:9:      layout_loops_ring, minmay_overflow_temple_hex,
          erik_lair_orcish_takeover, uniq_maurice
D:10:     layout_basic, nicolae_overflow_hidden_temple, minmay_misc_feat_columns
D:11:     layout_long_grid, gauntlet_entry_generic, uniq_sonja, uniq_amaemon
D:12:     layout_basic, kennysheep_orc_monster_closet_entryway,
          dk_noncrumbling_4, pdpol_wu_jian_five_deadly_venoms
D:13:     layout_cave_pods
D:15:     gammafunk_depths_entry_grave, layout_layer_cave,
          chequers_serial_rivers_room_b
Temple:   jpeg_temple_clearing
Lair:1:   layout_cave_shapes, minivault_26
Lair:2:   layout_regular_city, minmay_lindwurm_lava, grunt_megastairs_1
Lair:3:   layout_chaotic_city, minmay_swamp_entry_wisps,
          guppyfry_snake_entry_garden, grunt_megastairs_2
Lair:4:   layout_cave_pods
Lair:5:   hellmonk_lair_end_abyssal_woods, layout_cave_pods, slime_entry_1,
          gammafunk_ghost_grave, minmay_lair_oklob_bushes,
          infiniplex_staircase_pool

Skill      XL: |  1  2  3  4  5  6  7  8  9 10 11 12 13 14 |
---------------+-------------------------------------------+-----
Stealth        | 2 |  2.0
Fighting       | 1 2 3 4 6 8 10 12 | 12.0
Necromancy     | 5 6 7 10 11 12 | 12.0
Short Blades   | 2 4 |  4.0
Dodging        | 2 4 6 8 10 11 | 11.8
Evocations     | 2 4 6 |  6.0
Spellcasting   | 3 4 |  4.0
Invocations    | 4 8 |  8.0
Maces & Flails | 2 7 12 | 12.0
Shapeshifting  | 2 6 |  6.3

Action                     |  1- 3 |  4- 6 |  7- 9 | 10-12 | 13-15 || total
---------------------------+-------+-------+-------+-------+-------++-------
  Melee: Unarmed           |     6 |       |       |       |       ||     6
         Dagger            |    18 |    19 |       |       |       ||    37
         Short sword       |     5 |    11 |   169 |       |       ||   185
         Tailslap          |     1 |     3 |    29 |    97 |   101 ||   231
         Whip              |       |       |     7 |   319 |       ||   326
         Punch             |       |       |       |     7 |     6 ||    13
         Demon whip        |       |       |       |   185 |   499 ||   684
         Bite              |       |       |       |       |    44 ||    44
   Cast: Necrotise         |    67 |   122 |   156 |    60 |     9 ||   414
         Vampiric Draining |       |     5 |    15 |     8 |       ||    28
         Dispel Undead     |       |       |     6 |     3 |       ||     9
         Death Channel     |       |       |       |     5 |    17 ||    22
         Animate Dead      |       |       |       |     1 |     6 ||     7
 Invoke: Temporal Distorti |       |       |       |     1 |       ||     1
         Slouch            |       |       |       |     1 |     1 ||     2
Ability: Breathe Acid      |       |       |     2 |     4 |       ||     6
  Evoke: Wand              |       |       |     2 |     6 |       ||     8
         Sack of spiders   |       |       |       |     2 |       ||     2
    Use: Scroll            |     2 |     4 |     5 |    23 |     3 ||    37
         Potion            |       |     1 |     1 |     5 |       ||     7
   Stab: Distracted        |     1 |       |     1 |       |    14 ||    16
         Sleeping          |       |     1 |     2 |     7 |     6 ||    16
 Armour: Skin              |    17 |    35 |   137 |   317 |   154 ||   660
  Dodge: Dodged            |    33 |    31 |   156 |   784 |   538 ||  1542

Table legend: (Time is in decaauts)
 A = Elapsed time spent in this place.
 B = Non-inter-level travel time spent in this place.
 C = Inter-level travel time spent in this place.
 D = Time resting spent in this place.
 E = Time spent auto-exploring this place.
 F = Levels seen in this place.
 G = Mean time per level.
                   A        B        C        D        E       F      G
               +--------+--------+--------+--------+--------+-----+--------+
         Total |  25387 |  23918 |   1469 |   2730 |  14257 |  22 | 1154.0 |
       Dungeon |  15120 |  14084 |   1036 |   1924 |   8433 |  14 | 1080.0 |
        Temple |     52 |      2 |     50 |      0 |      0 |   1 |   52.0 |
          Lair |   8511 |   8129 |    382 |    448 |   5526 |   5 | 1702.2 |
        Bailey |    818 |    818 |      0 |    286 |    100 |   1 |  818.0 |
      Gauntlet |    885 |    885 |      0 |     72 |    197 |   1 |  885.0 |
               +--------+--------+--------+--------+--------+-----+--------+

Top non-repeatable levels by time:
  Lair:5: 2507 daAuts
  Lair:2: 1797 daAuts
    D:12: 1662 daAuts
     D:4: 1573 daAuts
     D:9: 1537 daAuts
  Lair:3: 1474 daAuts
  Lair:4: 1472 daAuts
    D:11: 1439 daAuts
    D:10: 1348 daAuts
  Lair:1: 1259 daAuts
     D:6: 1234 daAuts
     D:3: 1199 daAuts
     D:2: 1059 daAuts
     D:5: 1044 daAuts
     D:1: 1032 daAuts
